 Dungeon Crawl Stone Soup version 0.26-a0-662-g8b9c6dab81 (webtiles) character file.

Game seed: 9940420197080698538

401 halkony2012 the Chopper (level 6, 0/55 HPs)
             Began as a Minotaur Fighter on Oct 9, 2020.
             Killed by divine providence
             ... invoked by an orc priest
              (12 damage)
             ... on level 4 of the Dungeon.
             The game lasted 00:04:14 (2968 turns).

halkony2012 the Chopper (Minotaur Fighter)          Turns: 2968, Time: 00:04:15

Health: 0/55       AC:  6    Str: 23    XL:     6   Next: 54%
Magic:  5/5        EV:  8    Int:  5    God:
Gold:   132        SH:  9    Dex:  9    Spells: 5/5 levels left

rFire    . . .     SeeInvis .   p - +3 war axe
rCold    . . .     Faith    .   c - +0 kite shield
rNeg     . . .     Spirit   .   b - +0 scale mail
rPois    .         Reflect  .   (helmet restricted)
rElec    .         Harm     .   (no cloak)
rCorr    .         Rampage  .   (no gloves)
MR       .....                  (no boots)
Stlth    ..........             (no amulet)
HPRegen  0.18/turn              (no ring)
MPRegen  0.09/turn              (no ring)

@: mighty
A: retaliatory headbutt, horns 2
a: no special abilities


You were on level 4 of the Dungeon.
You visited 1 branch of the dungeon, and saw 4 of its levels.

You collected 132 gold pieces.

Inventory:

Hand Weapons
 a - a +0 war axe
 p - a +3 war axe (weapon)
Armour
 b - a +0 scale mail (worn)
 c - a +0 kite shield (worn)
Jewellery
 l - an uncursed amulet of magic regeneration
 o - an uncursed ring of attention
 q - an uncursed amulet of inaccuracy
Scrolls
 f - a scroll of enchant weapon {unknown}
 h - 6 scrolls of teleportation {unknown}
 j - a scroll of remove curse
 k - a scroll of blinking
 r - a scroll of fog {unknown}
Potions
 d - a potion of might
 e - a potion of stabbing {unknown}
 g - 4 potions of curing {unknown}
 i - 2 potions of heal wounds {unknown}
 m - a potion of flight {unknown}
 n - a potion of lignification {unknown}
 s - a potion of berserk rage {unknown}


   Skills:
 + Level 4.9 Fighting
 * Level 7.5 Axes
 - Level 3.6 Armour
 + Level 1.4 Dodging
 + Level 0.2 Stealth
 - Level 3.6 Shields


You had 5 spell levels left.
You didn't know any spells.
Your spell library was empty.

Dungeon Overview and Level Annotations

Branches:
Dungeon (4/15)
 Temple: D:4-7

Altars:
Ashenzari


Innate Abilities, Weirdness & Mutations

You reflexively headbutt those who attack you in melee.
You have a pair of horns on your head.


Message History

Reactivating autopickup.
Your Dodging skill increases to level 1!
You feel a bit more experienced.
You barely miss the orc.
The orc throws a boomerang.
The boomerang hits you but does no damage.
The weapon returns to the orc!
The orc hits you with a +0 flail.
* * * LOW HITPOINT WARNING * * *
The orc throws a boomerang.
You block the boomerang. The orc hits you with a +0 flail.
* * * LOW HITPOINT WARNING * * *
Things that are here:
a +0 dagger; a +0 robe The orc hits you but does no damage.
You block the orc's attack.
You slice the orc!!
You kill the orc!
You slash the orc!
You kill the orc!
The orc priest invokes the aid of Beogh against you.
Beogh smites you!
You die...

*,* #.# ##.##.# **,*
#.####.....# *,,*
#.##..###.## *********,**
#.#...# #.# ,,,,,,,,*,*
#.##..###.# *******,*,*
##.##.#....# *,,,,*
##...#)####.# *
*,,,.#######)...)).....#** *
****,,,......o@)...#))......#
*
*,,,,,,....#o####.#########.#
* *,,,,,,.,,.o*,* #.# *.# *
*,,,,,,,...,,***#.# *,#
******,,,##.,,,,,*#.# *,*
,,,,,,,,,#.,,>,,,*#.# *,*
,,,,,,,,,.,,,,,,,,..# *,*
*****,****,,,,,,,**.# *,*
,,>,,,,,,,,,,,,,,**,* *,*


You could see an orc priest and 2 orcs.

Vanquished Creatures
  A bullfrog (D:4)
  An orc priest (D:3)
  4 orc wizards (D:4)
  A worker ant (D:4)
  A gnoll (D:1)
  4 adders
  An ooze (D:3)
  3 worms
  4 dart slugs
  4 leopard geckos
  10 orcs
  14 bats
  5 giant cockroaches
  7 hobgoblins
  5 jackals
  10 kobolds
  A quokka (D:3)
  2 ball pythons
  4 frilled lizards
  6 goblins (D:1)
  11 rats
99 creatures vanquished.

Notes
Turn   | Place    | Note
-------+----------+-------------------------------------------
     0 | D:1      | halkony2012 the Minotaur Fighter began the quest for the
                  | Orb.
     0 | D:1      | Reached XP level 1. HP: 19/19 MP: 0/0
   197 | D:1      | Reached XP level 2. HP: 27/27 MP: 1/1
   247 | D:1      | Reached skill level 3 in Axes
   286 | D:1      | Found a broken altar of Ashenzari.
   331 | D:1      | Reached XP level 3. HP: 25/34 MP: 2/2
   645 | D:1      | Reached skill level 4 in Axes
  1248 | D:2      | Reached XP level 4. HP: 41/41 MP: 3/3
  1324 | D:2      | Reached skill level 5 in Axes
  1900 | D:3      | Reached XP level 5. HP: 18/47 MP: 4/4
  2472 | D:3      | Reached skill level 6 in Axes
  2742 | D:4      | Reached XP level 6. HP: 47/55 MP: 5/5
  2909 | D:4      | Reached skill level 7 in Axes
  2965 | D:4      | Reached skill level 1 in Dodging
  2968 | D:4      | Killed from afar by an orc priest

Illustrated notes

Levels and vault maps discovered:
D:1:      erik_arrival_cave_to_civilisation [erik_arrival_cave_to_hall],
          layout_basic, serial_park_tiny_2, amethyst_killhole,
          serial_park_tiny_2, st_stairs_3, ashenzari_altar_1
D:2:      layout_rooms, minmay_guardbox
D:3:      layout_loops_ring
D:4:      layout_loops_ring

Skill      XL: |  1  2  3  4  5  6 |
---------------+-------------------+-----
Fighting       | 4 |  4.9
Axes           | 3 4 5 6 7 |  7.5
Dodging        | 1 |  1.4
Armour         | |  3.6
Stealth        | |  0.2
Shields        | |  3.6

Action                   |  1- 3 |  4- 6 || total
-------------------------+-------+-------++-------
Melee: War axe           |    86 |   125 ||   211
       Headbutt          |     9 |    16 ||    25
  Use: Scroll            |       |     3 ||     3
       Potion            |       |     1 ||     1
Armor: Scale mail        |    32 |    57 ||    89
Dodge: Dodged            |    27 |    39 ||    66
Block: Kite shield       |    39 |    59 ||    98

Table legend: (Time is in decaauts)
 A = Elapsed time spent in this place.
 B = Non-inter-level travel time spent in this place.
 C = Inter-level travel time spent in this place.
 D = Time resting spent in this place.
 E = Time spent auto-exploring this place.
 F = Levels seen in this place.
 G = Mean time per level.
                   A        B        C        D        E       F      G
               +--------+--------+--------+--------+--------+-----+--------+
         Total |   3037 |   2917 |    120 |    148 |   2201 |   4 |  759.2 |
       Dungeon |   3037 |   2917 |    120 |    148 |   2201 |   4 |  759.2 |
               +--------+--------+--------+--------+--------+-----+--------+

Top non-repeatable levels by time:
     D:1: 1141 daAuts
     D:2: 911 daAuts
     D:3: 596 daAuts
     D:4: 388 daAuts
